 Dungeon Crawl Stone Soup version 0.19-a0-1637-gfc13266 (webtiles) character file.

33 Amnesiac the Digger (level 3, -2/24 HPs)
             Began as a Mummy Earth Elementalist on Sept 19, 2016.
             Slain by a hound (3 damage)
             ... on level 4 of the Dungeon.
             The game lasted 00:02:13 (841 turns).

Amnesiac the Digger (Mummy Earth Elementalist)       Turns: 841, Time: 00:02:14

Health: -2/24      AC:  2    Str: 11    XL:     3   Next: 12%
Magic:  5/6        EV: 12    Int: 14    God:
Gold:   15         SH:  0    Dex: 13    Spells: 2 memorised, 3 levels left

rFire  x . .     SeeInvis .     b - 54 stones
rCold  + . .     Gourm    .     c - +0 robe
rNeg   + + +     Faith    .     (no shield)
rPois  ∞         Spirit   .     (no helmet)
rElec  .         Dismiss  .     (no cloak)
rCorr  .         Reflect  .     (no gloves)
MR     .....     Harm     .     (no boots)
Stlth  ++........               (no amulet)
                                (no ring)
                                (no ring)

@: no status effects
A: no food or potions, fire vulnerability, cold resistance 1, negative energy
resistance 3, torment resistance, unbreathing
a: no special abilities


You were on level 4 of the Dungeon.
You were not hungry.

You visited 1 branch of the dungeon, and saw 4 of its levels.

You collected 15 gold pieces.

Inventory:

Hand Weapons
 h - a +0 quarterstaff
Missiles
 b - 54 stones (in hand)
Armour
 c - a +0 robe (worn)
Scrolls
 a - a scroll of identify {unknown}
 e - a scroll of random uselessness {unknown}
 f - a scroll of remove curse {unknown}
 g - a scroll of noise {unknown}
Books
 d - a book of Geomancy

   Spells                             Type                      Level
   a - Sandblast                      Earth                        1
   b - Passwall                       Transmutation/Earth          2
   c - Stone Arrow                    Conjuration/Earth            3
   d - Petrify                        Transmutation/Earth          4
   e - Lee's Rapid Deconstruction     Earth                        5


   Skills:
 - Level 1.5 Dodging
 - Level 1.5 Stealth
 - Level 2.0 Spellcasting
 - Level 0.7 Transmutations
 + Level 3.5 Earth Magic


You had 3 spell levels left.
You knew the following spells:

 Your Spells              Type           Power        Failure   Level  Hunger
v - Passwall              Tmut/Erth      #.........   17%         2    N/A
z - Sandblast             Erth           ##....       6%          1    N/A

Dungeon Overview and Level Annotations

Branches:
Dungeon (4/15)
 Temple: D:4-7

Altars:

Annotations:
D:4 cat's ghost, amateur HOCK


Innate Abilities, Weirdness & Mutations

You do not eat or drink.
Your flesh is vulnerable to fire.
You are immune to poison.
Your flesh is cold resistant. (rC+)
You are immune to negative energy. (rN+++)
You are immune to unholy pain and torment.
You can survive without breathing.


Message History

The hound barks!
The hound bites you.
* * * LOW HITPOINT WARNING * * *
The hound closely misses you. The hound closely misses you.
The hound bites you.
* * * LOW HITPOINT WARNING * * *
Cat's ghost holds its blade at the ready.
The hound bites you.
* * * LOW HITPOINT WARNING * * *
Wield which item (- for none, * to show all)? (? for menu, Esc to quit)
Okay, then.
Casting: Sandblast
Confirm with . or Enter, or press ? or * to list all spells.
Aiming: Sandblast
Press: ? - help, Shift-Dir - straight line, f/p - cat's ghost
Aim: cat's ghost, wielding a weapon of chaos (lightly damaged)
The rocky blast hits the hound.
The hound is lightly wounded.
The hound bites you.
You die...

#...# #.........#
#...# #.........#
#...###.........#
#.....?.........#
#...###.........#
#...# #.........#
#..W# #.).......#
###h# ######.#.##
#@# #...## #.#
###..#### #.#
#.<...# #.#
#.....? #.#
#.$.... #.##
#...... #..#
#...... ##.#
#...... #.#
########.....


You could see a hound and cat's ghost.

Vanquished Creatures
  An adder (D:2)
  4 leopard geckos
  6 bats (D:2)
  2 giant cockroaches (D:1)
  2 goblins (D:2)
  A hobgoblin (D:2)
  2 kobolds (D:2)
  2 rats (D:2)
20 creatures vanquished.

Notes
Turn   | Place    | Note
-------+----------+-------------------------------------------
     0 | D:1      | Amnesiac the Mummy Earth Elementalist began the quest for the Orb.
     0 | D:1      | Reached XP level 1. HP: 13/13 MP: 3/3
   177 | D:2      | Reached XP level 2. HP: 19/19 MP: 3/5
   203 | D:2      | Learned a level 2 spell: Passwall
   212 | D:2      | Reached skill level 3 in Earth Magic
   554 | D:2      | Reached XP level 3. HP: 17/24 MP: 0/6
   761 | D:4      | Noticed cat's ghost (amateur HOCK)
   839 | D:4      | HP: 1/24 [hound (3)]
   841 | D:4      | Slain by a hound

Vault maps used:
D:1:      grunt_arrival_crossed_arrows, serial_bayou_lagoon_a,
          minmay_strange_pillars
D:2:      elyvilon_altar_1
D:3:      ecumenical_altar_1, nemelex_xobeh_ov_fountains_minmay
D:4:      tso_altar

Skill      XL: |  1  2 |
---------------+-------+-----
Earth Magic    | 3 |  3.5
Dodging        | |  1.5
Stealth        | |  1.5
Spellcasting   | |  2.0
Transmutations | |  0.7

Action                   || total
-------------------------++-------
 Cast: Sandblast         ||    36
Armor: Robe              ||     3
Dodge: Dodged            ||    22
